 Dungeon Crawl Stone Soup version 0.22-a0-542-gce4f928 (webtiles) character file.

3184 vierth the Blocker (level 9, -1/82 HPs)
             Began as a Minotaur Fighter on June 24, 2018.
             Was a Follower of Trog.
             Slain by a basilisk (6 damage)
             ... on level 8 of the Dungeon.
             The game lasted 00:16:19 (6241 turns).

vierth the Blocker (Minotaur Fighter)               Turns: 6241, Time: 00:16:20

Health: -1/82      AC: 11    Str: 28    XL:     9   Next: 64%
Magic:  8/8        EV:  2    Int:  5    God:    Trog [*.....]
Gold:   412        SH:  0    Dex: 13    Spells: 8/8 levels left

rFire    . . .     SeeInvis .   a - +0 war axe
rCold    . . .     Gourm    .   c - +0 shield
rNeg     + + +     Faith    .   C - +0 chain mail (curse)
rPois    ∞         Spirit   .   (helmet restricted)
rElec    .         Reflect  +   (no cloak)
rCorr    .         Harm     .   (no gloves)
MR       .....                  (no boots)
Stlth    ..........             y - +2 amulet of reflection
HPRegen  0.23/turn              e - +3 ring of strength
MPRegen  0.11/turn              u - +4 ring of dexterity

@: petrified, berserk cooldown, slowed
A: retaliatory headbutt, horns 2
a: Berserk, Renounce Religion


You were on level 8 of the Dungeon.
You worshipped Trog.
Trog was aware of your devotion.
You were not hungry.

You visited 1 branch of the dungeon, and saw 8 of its levels.

You collected 412 gold pieces.

Inventory:

Hand Weapons
 a - a +0 war axe (weapon)
 n - a +0 flail
Armour
 c - a +0 shield (worn)
 C - a cursed +0 chain mail (worn)
Jewellery
 e - a +3 ring of strength (left hand)
 l - an uncursed ring of resist corrosion
 u - a +4 ring of dexterity (right hand)
 y - a +2 amulet of reflection (around neck)
 z - an uncursed ring of protection from cold
Wands
 s - a wand of polymorph (8)
Scrolls
 g - 5 scrolls of identify
 i - 4 scrolls of immolation {unknown}
 k - 3 scrolls of remove curse
 m - 2 scrolls of enchant armour {unknown}
 o - a scroll of fog {unknown}
 t - a scroll of fear {unknown}
 v - 4 scrolls of teleportation {unknown}
 w - 3 scrolls of amnesia {unknown}
 A - a scroll of blinking {unknown}
Potions
 d - 2 potions of might
 h - 3 potions of lignification
 j - 2 potions of cancellation {unknown}
 p - a potion of curing {unknown}
 q - 2 potions of heal wounds {unknown}
 r - a potion of brilliance {unknown}
 x - a potion of agility {unknown}
 B - a potion of flight {unknown}
Comestibles
 f - 16 rations


   Skills:
 + Level 8.9 Fighting
 + Level 8.5 Axes
 + Level 8.9 Armour
 + Level 9.0 Shields


You had 8 spell levels left.
You didn't know any spells.
Your spell library was empty.

Dungeon Overview and Level Annotations

Branches:
Dungeon (8/15)             Temple (0/1) D:7            Lair (0/6) D:8

Altars:
Ashenzari
Fedhas
Gozag
Kikubaaqudgha
Trog
Uskayaw

Shops:
D:8 }


Innate Abilities, Weirdness & Mutations

You reflexively headbutt those who attack you in melee.
You have a pair of horns on your head.


Message History

The basilisk gazes at you. You resist with some effort.
You hit the basilisk.
The basilisk is almost dead.
You slash the yak!
You kill the yak!
Trog accepts your kill.
Your Shields skill increases to level 9!
The basilisk gazes at you.
You are slowing down.
The basilisk gazes at you.
Your limbs have turned to stone.
You have turned to stone.
The basilisk bites you but does no damage.
The basilisk bites you.
The basilisk bites you but does no damage. x2
The basilisk gazes at you. The basilisk bites you.
* * * LOW HITPOINT WARNING * * *
The basilisk bites you!
You die...

#....#......## .P.....
#....#...##..# .P.....
.............. .$..>..
.............< P......
........####.# .P.....
#............. .......
#.#.#####.##..
#....l####.............
.#...†@................
...........#######..##..
.......##..# #......
.....#.##..# ###..##..
.#......#..####.........
........#...........#...
..............####..#'#.
##.........#######..+∩+.
#.##....#........#'##


You could see a basilisk.

Vanquished Creatures
  Pikel (D:7)
  A hippogriff (D:8)
  A yak (D:8)
  Sigmund (D:4)
  4 hogs (D:7)
  A human (D:7)
  2 sky beasts
  A phantom (D:8)
  An ogre (D:6)
  A centaur (D:6)
  A crocodile (D:8)
  A scorpion (D:5)
  A vampire bat (D:3)
  A howler monkey (D:7)
  A quasit (D:7)
  A bullfrog zombie (D:7)
  4 crimson imps
  2 centaur skeletons
  4 bullfrog skeletons
  3 hounds
  A jelly (D:5)
  An orc wizard (D:4)
  Jessica (D:2)
  Terence (D:2)
  3 worker ants
  2 worker ant zombies
  4 gnolls (D:2)
  2 howler monkey skeletons
  8 adders
  An ooze (D:3)
  4 adder skeletons
  An adder zombie (D:5)
  4 worms
  3 dart slugs
  8 leopard geckos
  11 orcs
  2 ball pythons
  11 bats
  4 giant cockroaches (D:3)
  13 goblins
  10 hobgoblins
  7 jackals
  6 quokkas
  3 frilled lizards
  8 kobolds
  2 quokka zombies (D:6)
  4 rats
158 creatures vanquished.

Vanquished Creatures (others)
  An orc wizard (D:3)
1 creature vanquished.

Grand Total: 159 creatures vanquished

Notes
Turn   | Place    | Note
-------+----------+-------------------------------------------
     0 | D:1      | vierth the Minotaur Fighter began the quest for the Orb.
     0 | D:1      | Reached XP level 1. HP: 19/19 MP: 0/0
   132 | D:1      | Reached XP level 2. HP: 26/27 MP: 1/1
   447 | D:1      | Reached skill level 4 in Shields
   655 | D:2      | Reached XP level 3. HP: 33/33 MP: 2/2
   656 | D:2      | Noticed Jessica
   665 | D:2      | Killed Jessica
   697 | D:2      | Reached XP level 4. HP: 21/40 MP: 3/3
  1229 | D:2      | Found a faded altar of an unknown god.
  1297 | D:2      | Noticed Terence
  1325 | D:2      | Killed Terence
  1325 | D:2      | Reached XP level 5. HP: 5/47 MP: 4/4
  2370 | D:3      | Reached skill level 5 in Fighting
  2370 | D:3      | Reached skill level 5 in Armour
  2370 | D:3      | Reached skill level 5 in Shields
  2701 | D:3      | Reached XP level 6. HP: 56/56 MP: 5/5
  2790 | D:4      | Noticed Sigmund
  2808 | D:4      | Killed Sigmund
  3046 | D:4      | Reached skill level 5 in Axes
  3046 | D:4      | Reached XP level 7. HP: 62/62 MP: 6/6
  3522 | D:5      | Entered Level 5 of the Dungeon
  3527 | D:5      | Reached skill level 6 in Shields
  3722 | D:5      | Found an opulent altar of Gozag.
  4276 | D:6      | Found a bloodstained altar of Trog.
  4284 | D:6      | Became a worshipper of Trog the Wrathful
  4415 | D:6      | Reached XP level 8. HP: 41/71 MP: 7/7
  4672 | D:6      | Reached skill level 7 in Shields
  4720 | D:6      | Reached * piety under Trog
  5128 | D:7      | Found a staircase to the Ecumenical Temple.
  5168 | D:7      | Reached skill level 8 in Shields
  5168 | D:7      | Reached XP level 9. HP: 42/81 MP: 8/8
  5372 | D:7      | Noticed Pikel
  5385 | D:7      | Killed Pikel
  5438 | D:7      | Found an ancient bone altar of Kikubaaqudgha.
  5602 | D:7      | Found a blossoming altar of Fedhas.
  5606 | D:7      | Found a shattered altar of Ashenzari.
  5917 | D:7      | Found a hide-covered altar of Uskayaw.
  6170 | D:8      | Found Ydwi's Gadget Boutique.
  6208 | D:8      | Found a staircase to the Lair.
  6234 | D:8      | Reached skill level 9 in Shields
  6241 | D:8      | Slain by a basilisk

Vault maps used:
D:1:      matt_arrival_debris
D:2:      first_ration, chequers_ecumenical_altar_grove, minivault_19,
          uniq_terence, uniq_jessica
D:3:      portal_sewer_entry_b, roderic_batcave
D:4:      minivault_27, uniq_crazy_yiuf_cottage, uniq_sigmund
D:5:      nicolae_gozag_cash_rules_everything_around_me
D:6:      bloody_trog
D:7:      grunt_temple_overflow_open, lemuel_round_altar,
          kiku_gazebo_pond_becter, minmay_temple_entry_large_hall,
          nrook_mini_backslash, grunt_livestock, uniq_pikel
D:8:      overflow_temple_1_default, david_lair_generic,
          gammafunk_ghost_hydra_chop, serial_shops, nicolae_shop_behind_doors,
          uniq_erica

Skill      XL: |  1  2  3  4  5  6  7  8  9 |
---------------+----------------------------+-----
Shields        | 4 5 6 8 9 |  9.0
Fighting       | 4 5 6 7 8 |  8.9
Armour         | 4 5 6 7 8 |  8.9
Axes           | 3 4 5 6 7 8 |  8.5

Action                   |  1- 3 |  4- 6 |  7- 9 || total
-------------------------+-------+-------+-------++-------
Melee: War axe           |    58 |   154 |   197 ||   409
       Headbutt          |     5 |    27 |    47 ||    79
       Unarmed           |       |    14 |       ||    14
Invok: Berserk           |       |       |     2 ||     2
  Use: Scroll            |       |     1 |     2 ||     3
  Eat: Ration            |       |     2 |     3 ||     5
       Chunk             |       |       |     2 ||     2
Armor: Scale mail        |    18 |    80 |    36 ||   134
       Chain mail        |       |       |    67 ||    67
Dodge: Dodged            |    13 |    59 |    49 ||   121
Block: Shield            |    27 |   102 |   118 ||   247

Table legend:
 A = Spawn XP
 B = Non-spawn XP
 C = Spawn XP percentage of total XP
 D = Spawn monster count
 E = Non-spawn monster count
 F = Spawn count percentage of total count
 G = Total turns spent on level
                    A         B        C        D         E        F      G
               +---------+---------+-------+---------+---------+-------+---------
         Total |       0 |    4549 |   0.0 |       0 |     159 |   0.0 |  6241
               +---------+---------+-------+---------+---------+-------+---------
           D:1 |       0 |      42 |   0.0 |       0 |      21 |   0.0 |   892
           D:2 |       0 |     195 |   0.0 |       0 |      24 |   0.0 |   941
           D:3 |       0 |     205 |   0.0 |       0 |      43 |   0.0 |   975
           D:4 |       0 |     406 |   0.0 |       0 |      19 |   0.0 |   778
           D:5 |       0 |     353 |   0.0 |       0 |      11 |   0.0 |   799
           D:6 |       0 |     563 |   0.0 |       0 |      19 |   0.0 |   705
           D:7 |       0 |    1984 |   0.0 |       0 |      15 |   0.0 |  1004
           D:8 |       0 |     801 |   0.0 |       0 |       7 |   0.0 |   147
               +---------+---------+-------+---------+---------+-------+---------
